TOP OF THE 1ST |
Burlington Royals batting - Pitching for Bluefield Blue Jays : RHP Bob Markle
|
Pitching: RHP Bob Markle
|
|
Batting: LHB Bobby Gonzalez
|
0-0: Foul Ball, location: 2F 0-1: Ball 1-1: Foul Ball, location: 2F 1-2: Ball 2-2: Strikes out looking
|
Batting: LHB Mike Bhatti
|
0-0: Called Strike 0-1: Ball 1-1: Ball 2-1: Foul Ball, location: 2F 2-2: Strikes out looking
|
Batting: SHB Bill Ertl
|
0-0: Fly out, F7 (Flyball, 78M, EV 86.9 MPH)
|
Top of the 1st over - 0 runs, 0 hits, 0 errors, 0 left on base; Burlington 0 - Bluefield 0 |
BOTTOM OF THE 1ST |
Bluefield Blue Jays batting - Pitching for Burlington Royals : LHP Butch Ott
|
Pitching: LHP Butch Ott
|
|
Batting: RHB Braydon Pinsent
|
0-0: Called Strike 0-1: Swinging Strike 0-2: SINGLE (Line Drive, 9S, EV 96.2 MPH)
|
Batting: RHB Stephen Casteel
|
0-0: Ball 1-0: Called Strike 1-1: Called Strike 1-2: Foul Ball, location: 2F 1-2: Ball 2-2: Foul Ball, location: 2F 2-2: Fly out, F9 (Flyball, 89M, EV 91.9 MPH)
|
Batting: RHB Bill Murray
|
0-0: Called Strike 0-1: Ball 1-1: Called Strike 1-2: Foul Ball, location: 2F 1-2: Ball 2-2: Strikes out swinging
|
Batting: LHB Lothar Middelkoop
|
0-0: Called Strike 0-1: Ball 1-1: Ball 2-1: Ball Braydon Pinsent is caught stealing 2nd base 2-6
|
Bottom of the 1st over - 0 runs, 1 hit, 0 errors, 0 left on base; Burlington 0 - Bluefield 0 |
TOP OF THE 2ND |
Burlington Royals batting - Pitching for Bluefield Blue Jays : RHP Bob Markle
|
Batting: RHB Nick Julien
|
0-0: Ball 1-0: Ball 2-0: Called Strike 2-1: DOUBLE (Flyball, 8RXD, EV 108.1 MPH)
|
Batting: RHB Phil Hamby
|
0-0: Ball 1-0: Called Strike 1-1: Hit by Pitch
|
Batting: RHB Carlos Almada
|
0-0: Ball 1-0: Foul Ball, location: 2F 1-1: Swinging Strike 1-2: Foul Ball, location: 2F 1-2: Foul Ball, location: 2F 1-2: Fielders Choice at 2nd, 4-6 (Groundball, 4S, EV 86.2 MPH) Nick Julien to third
|
Batting: RHB Bobby Matyas
|
0-0: Ball 1-0: Reached on error, E6 (Groundball, 6M, EV 82.5 MPH) Nick Julien scores Carlos Almada to second
|
Batting: RHB Adam Krieger
|
0-0: Called Strike Carlos Almada is caught stealing 3rd base 2-5 0-1: Swinging Strike 0-2: Strikes out looking
|
Top of the 2nd over - 1 run, 1 hit, 1 error, 1 left on base; Burlington 1 - Bluefield 0 |
BOTTOM OF THE 2ND |
Bluefield Blue Jays batting - Pitching for Burlington Royals : LHP Butch Ott
|
Pitching: LHP Brett Reed
|
|
Batting: LHB Lothar Middelkoop
|
0-0: Called Strike 0-1: Ground out U3 (Groundball, 34, EV 103.1 MPH)
|
Batting: RHB Dan Muns
|
0-0: Called Strike 0-1: Ball 1-1: DOUBLE (Flyball, 78XD, EV 109.4 MPH)
|
Batting: SHB Dominik Hasek II
|
0-0: 2-RUN HOME RUN (Flyball, 7LD, EV 90.6 MPH), Distance : 351 ft
|
Batting: RHB Carlos Bravo
|
0-0: Ball 1-0: Called Strike 1-1: Foul Ball, location: 2F 1-2: Ball 2-2: DOUBLE (Line Drive, 9LM, EV 108.8 MPH)
|
Batting: RHB David Cooper
|
0-0: Foul Ball, location: 2F 0-1: Ball 1-1: 2-RUN HOME RUN (Flyball, 7D, EV 102.5 MPH), Distance : 393 ft
|
Pitching: RHP Nam Phong
|
|
Batting: LHB Eric Toney
|
0-0: Ball 1-0: Foul Ball, location: 2F 1-1: Called Strike 1-2: Ball 2-2: Strikes out swinging
|
Batting: RHB Braydon Pinsent
|
0-0: Ground out 6-3 (Groundball, 6, EV 83.1 MPH)
|
Bottom of the 2nd over - 4 runs, 4 hits, 0 errors, 0 left on base; Burlington 1 - Bluefield 4 |
TOP OF THE 3RD |
Burlington Royals batting - Pitching for Bluefield Blue Jays : RHP Bob Markle
|
Batting: RHB Dave Saldana
|
0-0: Called Strike 0-1: Ball 1-1: Foul Ball, location: 2F 1-2: Fly out, F4 (Line Drive, 4, EV 66.2 MPH)
|
Batting: LHB Bobby Gonzalez
|
0-0: Called Strike 0-1: Swinging Strike 0-2: Fly out, F8 (Flyball, 8RD, EV 98.8 MPH)
|
Batting: LHB Mike Bhatti
|
0-0: Fly out, F7 (Flyball, 78M, EV 88.1 MPH)
|
Top of the 3rd over - 0 runs, 0 hits, 0 errors, 0 left on base; Burlington 1 - Bluefield 4 |
BOTTOM OF THE 3RD |
Bluefield Blue Jays batting - Pitching for Burlington Royals : RHP Nam Phong
|
Batting: RHB Stephen Casteel
|
0-0: Ball 1-0: Ball 2-0: Ball 3-0: Base on Balls
|
Batting: RHB Bill Murray
|
0-0: Ball 1-0: Ball 2-0: Called Strike Stephen Casteel is caught stealing 2nd base 2-4 2-1: Ball 3-1: Base on Balls
|
Batting: LHB Lothar Middelkoop
|
0-0: TRIPLE (Line Drive, 78XD, EV 113.8 MPH) Bill Murray scores
|
Batting: RHB Dan Muns
|
0-0: Called Strike 0-1: Ball 1-1: Ball 2-1: Fly out, F8 (Flyball, 8RM, EV 83.1 MPH)
|
Pitching: RHP Neil Drain
|
|
Batting: SHB Dominik Hasek II
|
0-0: Called Strike 0-1: Foul Ball, location: 2F 0-2: Ball 1-2: Foul Ball, location: 2F 1-2: Foul Ball, location: 2F 1-2: Ball 2-2: Ball Passed Ball! Lothar Middelkoop scores 3-2: Strikes out swinging
|
Bottom of the 3rd over - 2 runs, 1 hit, 0 errors, 0 left on base; Burlington 1 - Bluefield 6 |
TOP OF THE 4TH |
Burlington Royals batting - Pitching for Bluefield Blue Jays : RHP Bob Markle
|
Batting: SHB Bill Ertl
|
0-0: Ball 1-0: Ball 2-0: Ball 3-0: Called Strike 3-1: Base on Balls
|
Batting: RHB Nick Julien
|
0-0: Swinging Strike 0-1: Ball 1-1: Ball 2-1: Ball 3-1: Base on Balls Bill Ertl to second
|
Batting: RHB Phil Hamby
|
0-0: Called Strike 0-1: Ball 1-1: Foul Ball, location: 2F 1-2: 3-RUN HOME RUN (Flyball, 78XD, EV 101.9 MPH), Distance : 411 ft
|
Batting: RHB Carlos Almada
|
0-0: Ball 1-0: Ball 2-0: Called Strike 2-1: Called Strike 2-2: Fly out, F8 (Flyball, 8RD, EV 86.2 MPH)
|
Batting: RHB Bobby Matyas
|
0-0: SINGLE (Groundball, 6D, EV 96.2 MPH)
|
Batting: RHB Adam Krieger
|
0-0: Fielders Choice at 2nd, 6-4 (Groundball, 6, EV 85.6 MPH)
|
Batting: RHB Dave Saldana
|
0-0: Ball 1-0: Foul Ball, location: 2F 1-1: Ball 2-1: Ground out 5-3 (Groundball, 56S, EV 78.8 MPH)
|
Top of the 4th over - 3 runs, 2 hits, 0 errors, 1 left on base; Burlington 4 - Bluefield 6 |
BOTTOM OF THE 4TH |
Bluefield Blue Jays batting - Pitching for Burlington Royals : RHP Neil Drain
|
Batting: RHB Carlos Bravo
|
0-0: Foul Ball, location: 2F 0-1: Ball 1-1: Ball 2-1: Foul Ball, location: 2F 2-2: SOLO HOME RUN (Flyball, 78XD, EV 106.2 MPH), Distance : 426 ft
|
Batting: RHB David Cooper
|
0-0: Called Strike 0-1: Ball 1-1: Ball 2-1: Swinging Strike 2-2: Ball 3-2: Strikes out swinging
|
Pitching: RHP Greg Sell
|
|
Batting: LHB Eric Toney
|
0-0: Ball 1-0: Called Strike 1-1: Called Strike 1-2: Ball 2-2: DOUBLE (Flyball, 8LXD, EV 107.5 MPH)
|
Batting: RHB Braydon Pinsent
|
0-0: Ball 1-0: SINGLE (Line Drive, 8RS, EV 108.8 MPH) Eric Toney to third Runner from 3rd tries for Home, SAFE, throw by CF to home
|
Batting: RHB Stephen Casteel
|
0-0: Ball 1-0: Ball Braydon Pinsent steals 2nd base (no throw) 2-0: Ball 3-0: Base on Balls
|
Batting: RHB Bill Murray
|
0-0: Hit by Pitch Braydon Pinsent to third Stephen Casteel to second
|
Batting: LHB Lothar Middelkoop
|
0-0: Ball 1-0: DOUBLE (Line Drive, 7LD, EV 111.2 MPH) Braydon Pinsent scores Stephen Casteel scores Bill Murray to third
|
Batting: RHB Dan Muns
|
0-0: Ground out 5-3 (Groundball, 56S, EV 69.4 MPH) Bill Murray scores Lothar Middelkoop to third
|
Pitching: LHP Ken Milhouse
|
|
Batting: SHB Dominik Hasek II
|
0-0: Called Strike 0-1: Called Strike 0-2: Ball 1-2: Strikes out looking
|
Bottom of the 4th over - 5 runs, 4 hits, 0 errors, 1 left on base; Burlington 4 - Bluefield 11 |
TOP OF THE 5TH |
Burlington Royals batting - Pitching for Bluefield Blue Jays : RHP Bob Markle
|
Batting: LHB Bobby Gonzalez
|
0-0: Ball 1-0: Called Strike 1-1: Ball 2-1: Ball 3-1: Foul Ball, location: 2F 3-2: DOUBLE (Flyball, 8RXD, EV 105.6 MPH)
|
Batting: LHB Mike Bhatti
|
0-0: Ground out 6-3 (Groundball, 6M, EV 90.6 MPH) Bobby Gonzalez to third
|
Batting: SHB Bill Ertl
|
0-0: Called Strike 0-1: Ball 1-1: Ball 2-1: 2-RUN HOME RUN (Flyball, 9LD, EV 94.4 MPH), Distance : 348 ft
|
Pitching: RHP Chris Kroesen
|
|
Batting: RHB Nick Julien
|
0-0: Foul Ball, location: 2F 0-1: Swinging Strike 0-2: SOLO HOME RUN (Flyball, 9LD, EV 95.6 MPH), Distance : 336 ft
|
Batting: RHB Phil Hamby
|
0-0: Ball 1-0: Ball 2-0: Called Strike 2-1: Foul Ball, location: 2F 2-2: Strikes out swinging, 2-3 out at first.
|
Batting: RHB Carlos Almada
|
0-0: Called Strike 0-1: Ball 1-1: Ground out 3-1 (Groundball, 34, EV 89.4 MPH)
|
Top of the 5th over - 3 runs, 3 hits, 0 errors, 0 left on base; Burlington 7 - Bluefield 11 |
BOTTOM OF THE 5TH |
Bluefield Blue Jays batting - Pitching for Burlington Royals : LHP Ken Milhouse
|
Batting: RHB Carlos Bravo
|
0-0: Ball 1-0: Called Strike 1-1: Foul Ball, location: 2F 1-2: Ground out 6-3 (Groundball, 6, EV 103.1 MPH)
|
Batting: RHB David Cooper
|
0-0: Called Strike 0-1: Hit by Pitch
|
Batting: LHB Eric Toney
|
0-0: Foul Ball, location: 2F 0-1: Ball 1-1: Ball 2-1: Foul Ball, location: 2F 2-2: Ball 3-2: Base on Balls David Cooper to second
|
Batting: RHB Braydon Pinsent
|
0-0: Ball Eric Toney steals 2nd base David Cooper steals 3rd base 1-0: TRIPLE (Flyball, 78XD, EV 91.9 MPH) David Cooper scores Eric Toney scores
|
Pitching: RHP Kolenka Leschenya
|
|
Batting: RHB Stephen Casteel
|
0-0: Called Strike 0-1: Ground out 3-1 (Groundball, 34, EV 101.9 MPH) Braydon Pinsent scores
|
Batting: RHB Bill Murray
|
0-0: Ground out 6-3 (Groundball, 6, EV 86.9 MPH)
|
Bottom of the 5th over - 3 runs, 1 hit, 0 errors, 0 left on base; Burlington 7 - Bluefield 14 |
TOP OF THE 6TH |
Burlington Royals batting - Pitching for Bluefield Blue Jays : RHP Chris Kroesen
|
Batting: RHB Bobby Matyas
|
0-0: Ball 1-0: Fly out, F8 (Line Drive, 8LM, EV 91.9 MPH)
|
Batting: RHB Adam Krieger
|
0-0: Swinging Strike 0-1: Fly out, F8 (Flyball, 78S, EV 91.2 MPH)
|
Batting: RHB Dave Saldana
|
0-0: Ball 1-0: Ball 2-0: Ball 3-0: Called Strike 3-1: Swinging Strike 3-2: Strikes out swinging
|
Top of the 6th over - 0 runs, 0 hits, 0 errors, 0 left on base; Burlington 7 - Bluefield 14 |
BOTTOM OF THE 6TH |
Bluefield Blue Jays batting - Pitching for Burlington Royals : RHP Kolenka Leschenya
|
Batting: LHB Lothar Middelkoop
|
0-0: Foul Ball, location: 2F 0-1: Fly out, F8 (Flyball, 8RM, EV 77.5 MPH)
|
Batting: RHB Dan Muns
|
0-0: Called Strike 0-1: Ball 1-1: SINGLE (Line Drive, 7S, EV 105.6 MPH)
|
Batting: SHB Dominik Hasek II
|
0-0: Ball 1-0: Foul Ball, location: 2F 1-1: Foul Ball, location: 2F 1-2: SINGLE (Groundball, 34D, EV 104.4 MPH) (infield hit) Dan Muns to second
|
Batting: RHB Carlos Bravo
|
0-0: Called Strike 0-1: Ball 1-1: Ball 2-1: Called Strike 2-2: Ball 3-2: Base on Balls Dan Muns to third Dominik Hasek II to second
|
Pitching: RHP Jordan Viveros
|
|
Batting: RHB David Cooper
|
0-0: Ground out 6-3 (Groundball, 6M, EV 87.5 MPH) Dan Muns scores Dominik Hasek II to third Carlos Bravo to second
|
Batting: LHB Eric Toney
|
0-0: Ball 1-0: Ball 2-0: Ball 3-0: Base on Balls
|
Batting: RHB Braydon Pinsent
|
0-0: Ball 1-0: Called Strike 1-1: SINGLE (Groundball, 6MD, EV 94.4 MPH) Dominik Hasek II scores Carlos Bravo to third Eric Toney to second Runner from 3rd tries for Home, SAFE, throw by CF to home
|
Batting: RHB Stephen Casteel
|
0-0: Foul Ball, location: 2F 0-1: Ball 1-1: Ball 2-1: SINGLE (Groundball, 34D, EV 96.2 MPH) Eric Toney to third Braydon Pinsent to second Runner from 3rd tries for Home, SAFE, throw by RF to home
|
Batting: RHB Bill Murray
|
0-0: Ground out 4-3 (Groundball, 4, EV 83.8 MPH)
|
Bottom of the 6th over - 4 runs, 4 hits, 0 errors, 2 left on base; Burlington 7 - Bluefield 18 |
TOP OF THE 7TH |
Burlington Royals batting - Pitching for Bluefield Blue Jays : RHP Chris Kroesen
|
Pinch Hitting: RHB Carlos Santoni
|
0-0: Ball 1-0: Ball 2-0: Swinging Strike 2-1: Foul Ball, location: 2F 2-2: Strikes out swinging
|
Batting: LHB Mike Bhatti
|
0-0: Called Strike 0-1: Swinging Strike 0-2: Strikes out looking
|
Pinch Hitting: RHB Jonas Fernandez
|
0-0: Ball 1-0: Ball 2-0: Ball 3-0: Base on Balls
|
Batting: RHB Nick Julien
|
0-0: Ball 1-0: Called Strike 1-1: Fly out, F7 (Flyball, 78M, EV 76.9 MPH)
|
Top of the 7th over - 0 runs, 0 hits, 0 errors, 1 left on base; Burlington 7 - Bluefield 18 |
BOTTOM OF THE 7TH |
Bluefield Blue Jays batting - Pitching for Burlington Royals : RHP Jordan Viveros
|
Now at SS: Carlos Santoni
|
|
Now in CF: Dave Saldana
|
|
Now in RF: Pablo Serrato
|
|
Batting: LHB Lothar Middelkoop
|
0-0: Ball 1-0: Ball 2-0: Fly out, F8 (Flyball, 78S, EV 89.4 MPH)
|
Batting: RHB Dan Muns
|
0-0: Ball 1-0: Called Strike 1-1: Foul Ball, location: 2F 1-2: Strikes out swinging
|
Pitching: RHP Vance Coen
|
|
Batting: SHB Dominik Hasek II
|
0-0: Ball 1-0: Called Strike 1-1: Ball 2-1: Called Strike 2-2: Ball 3-2: Foul Ball, location: 2F 3-2: DOUBLE (Line Drive, 78D, EV 103.1 MPH)
|
Batting: RHB Carlos Bravo
|
0-0: Swinging Strike 0-1: Foul Ball, location: 2F 0-2: Ball 1-2: Ball 2-2: Ground out 6-3 (Groundball, 6, EV 96.9 MPH)
|
Bottom of the 7th over - 0 runs, 1 hit, 0 errors, 1 left on base; Burlington 7 - Bluefield 18 |
TOP OF THE 8TH |
Burlington Royals batting - Pitching for Bluefield Blue Jays : RHP Chris Kroesen
|
Pinch Hitting: RHB Chang-keun Baik
|
0-0: Ball 1-0: Ball 2-0: Ground out 4-3 (Groundball, 4, EV 90.0 MPH)
|
Batting: RHB Carlos Almada
|
0-0: Fly out, F8 (Line Drive, 8LM, EV 106.2 MPH)
|
Batting: RHB Bobby Matyas
|
0-0: Foul Ball, location: 2F 0-1: Ball 1-1: Ground out 4-3 (Groundball, 4, EV 110.0 MPH)
|
Top of the 8th over - 0 runs, 0 hits, 0 errors, 0 left on base; Burlington 7 - Bluefield 18 |
BOTTOM OF THE 8TH |
Bluefield Blue Jays batting - Pitching for Burlington Royals : RHP Vance Coen
|
Now at 2B: Chang-keun Baik
|
|
Batting: RHB David Cooper
|
0-0: Ball 1-0: Ball 2-0: Ball 3-0: Base on Balls
|
Batting: LHB Eric Toney
|
0-0: Ball 1-0: SINGLE (Groundball, 34, EV 103.1 MPH) David Cooper to second Runner from 2nd tries for 3rd, SAFE, throw by RF made to third
|
Batting: RHB Braydon Pinsent
|
0-0: Ball 1-0: Ball 2-0: Swinging Strike 2-1: Swinging Strike 2-2: Ball 3-2: Base on Balls Eric Toney to second
|
Batting: RHB Stephen Casteel
|
0-0: SINGLE (Groundball, 5D, EV 96.9 MPH) David Cooper scores Eric Toney to third Braydon Pinsent to second
|
Batting: RHB Bill Murray
|
0-0: Called Strike 0-1: Ball 1-1: Ball 2-1: Ball 3-1: Foul Ball, location: 2F 3-2: Base on Balls Eric Toney scores Braydon Pinsent to third Stephen Casteel to second
|
Batting: LHB Lothar Middelkoop
|
0-0: Ball 1-0: Foul Ball, location: 2F 1-1: Swinging Strike 1-2: Foul Ball, location: 2F 1-2: Fly out, F8 (Flyball, 8LXD, EV 93.8 MPH) Runner from 3rd tags up, SCORES, no throw by CF Stephen Casteel to third
|
Batting: RHB Dan Muns
|
0-0: Ball 1-0: Swinging Strike 1-1: Swinging Strike 1-2: SINGLE (Flyball, 8LS, EV 100.0 MPH) Stephen Casteel scores Bill Murray to second
|
Pitching: RHP Jason Conner
|
|
Batting: SHB Dominik Hasek II
|
0-0: Foul Ball, location: 2F 0-1: Fielders Choice at 2nd, 3-6 (Groundball, 3S, EV 79.4 MPH) Bill Murray to third
|
Batting: RHB Carlos Bravo
|
0-0: Ball 1-0: Foul Ball, location: 2F 1-1: Foul Ball, location: 2F 1-2: Foul Ball, location: 2F 1-2: Ball 2-2: Ball 3-2: Foul Ball, location: 2F 3-2: Base on Balls Dominik Hasek II to second
|
Batting: RHB David Cooper
|
0-0: Called Strike 0-1: Foul Ball, location: 2F 0-2: DOUBLE (Line Drive, 78D, EV 110.0 MPH) Bill Murray scores Dominik Hasek II scores Carlos Bravo to third Runner from 3rd tries for Home, SAFE, no throw by LF
|
Batting: LHB Eric Toney
|
0-0: Ball 1-0: DOUBLE (Flyball, 9LD, EV 91.2 MPH) David Cooper scores
|
Batting: RHB Braydon Pinsent
|
0-0: DOUBLE (Groundball, 3L, EV 101.9 MPH) Eric Toney scores
|
Batting: RHB Stephen Casteel
|
0-0: Foul Ball, location: 2F 0-1: Called Strike 0-2: Ball Wild Pitch! Braydon Pinsent to third 1-2: Ball 2-2: Ball Wild Pitch! Braydon Pinsent scores 3-2: SINGLE (Flyball, 78S, EV 93.1 MPH)
|
Pitching: RHP Jason Birge
|
|
Batting: RHB Bill Murray
|
0-0: Ball 1-0: Ball 2-0: Ball 3-0: DOUBLE (Flyball, 9D, EV 98.8 MPH) Stephen Casteel to third Runner from 3rd tries for Home, SAFE, no throw by RF
|
Batting: LHB Lothar Middelkoop
|
0-0: Ball 1-0: Ball 2-0: Ball 3-0: Called Strike 3-1: Base on Balls
|
Batting: RHB Dan Muns
|
0-0: Ball Wild Pitch! Bill Murray to third Lothar Middelkoop to second 1-0: Foul Ball, location: 2F 1-1: Ball 2-1: Foul Ball, location: 2F 2-2: Ball 3-2: Strikes out swinging
|
Bottom of the 8th over - 11 runs, 8 hits, 0 errors, 2 left on base; Burlington 7 - Bluefield 29 |
TOP OF THE 9TH |
Burlington Royals batting - Pitching for Bluefield Blue Jays : RHP Chris Kroesen
|
Batting: RHB Adam Krieger
|
0-0: Ground out U3 (Groundball, 3, EV 84.4 MPH)
|
Batting: RHB Dave Saldana
|
0-0: Foul Ball, location: 2F 0-1: DOUBLE (Line Drive, 89D, EV 101.2 MPH) - OUT at third base trying to stretch hit.
|
Batting: RHB Carlos Santoni
|
0-0: Ball 1-0: Swinging Strike 1-1: Called Strike 1-2: Ball 2-2: Foul Ball, location: 2F 2-2: Ball 3-2: Strikes out looking
|
Top of the 9th over - 0 runs, 1 hit, 0 errors, 0 left on base; Burlington 7 - Bluefield 29 |
|